 Dungeon Crawl Stone Soup version 0.24.0-28-g17ded55e90 (webtiles) character file.

Game seed: 10202035928711383244, levelgen mode: deterministic

319542 Aelig the Hoplite (level 21, -2/104 HPs)
             Began as a Gargoyle Monk on Nov 11, 2019.
             Was a High Priest of Qazlal.
             Killed from afar by a starcursed mass (8 damage)
             ... with an accursed screaming
             ... on level 3 of the Abyss.
             The game lasted 02:53:00 (47676 turns).

Aelig the Hoplite (Gargoyle Monk)                  Turns: 47676, Time: 02:53:00

Health: -2/104     AC: 33    Str: 13 (14) XL:     21   Next: 48%
Magic:  29/29      EV: 13    Int: 13 (16) God:    Qazlal [*****.]
Gold:   3644       SH: 40    Dex: 14      Spells: 20/20 levels left

rFire    + . .     SeeInvis +   a - +1 morningstar "Ogreslayer" {crush, SInv}
rCold    + . .     Gourm    .   h - +5 large shield of Qoty {rF+ Str-4 Int+6}
rNeg     + . .     Faith    .   O - +2 scale mail {MR+}
rPois    ∞         Spirit   .   k - +1 helmet
rElec    +         Reflect  +   U - +2 cloak
rCorr    +         Harm     .   H - +0 pair of gloves
MR       ++...     Rnd*Rage +   x - +0 pair of boots
Stlth    +.........             Y - +4 amulet of reflection
HPRegen  0.00/turn              J - ring of protection from cold
MPRegen  0.21/turn              r - ring of resist corrosion

@: flying, repel missiles
A: big wings, berserk 1, blurry vision 2, deformed body, [dopey 1], frail 2,
[low mp 1], negative energy resistance 1, screaming 1, electricity resistance,
[inhibited regeneration], weak 2, unbreathing, petrification resistance, [no
potion heal 2], rot immunity, AC +16
}: 2/15 runes: serpentine, barnacled
a: Stop Flying, Upheaval, Elemental Force, Disaster Area, Renounce Religion


You were on level 3 of the Abyss.
You worshipped Qazlal.
Qazlal was extremely pleased with you.
You were full.

You visited 7 branches of the dungeon, and saw 35 of its levels.
You visited the Abyss 2 times.
You also visited: Ice Cave.

You collected 3942 gold pieces.
You spent 298 gold pieces at shops.

Inventory:

Hand Weapons
 a - the +1 morningstar "Ogreslayer" (weapon) {crush, SInv}
   (You acquired it on level 12 of the Dungeon)

   It inflicts extra damage upon your enemies.
   It lets you see invisible.
Missiles
 e - 1113 stones (quivered)
 Z - 7 throwing nets
Armour
 h - the +5 large shield of Qoty (worn) {rF+ Str-4 Int+6}
   (You acquired it on level 12 of the Dungeon)

   It affects your strength (-4).
   It affects your intelligence (+6).
   It protects you from fire.
 k - a +1 helmet (worn)
 s - the +0 large shield of Tartarus {rC++}
   (You found it on level 2 of the Orcish Mines)

   It greatly protects you from cold.
 x - a +0 pair of boots (worn)
 H - a +0 pair of gloves (worn)
 O - a +2 scale mail of magic resistance (worn)
 U - a +2 cloak (worn)
Jewellery
 r - a ring of resist corrosion (right hand)
 w - an uncursed ring of protection from magic
 J - a ring of protection from cold (left hand)
 Y - a +4 amulet of reflection (around neck)
Wands
 b - a wand of scattershot (5)
 V - a wand of digging (5)
Scrolls
 f - 8 scrolls of amnesia
 j - 4 scrolls of identify
 n - 2 scrolls of fear
 o - 2 scrolls of enchant weapon
 p - 11 scrolls of remove curse
 q - 9 scrolls of enchant armour
 t - 2 scrolls of teleportation
 y - 4 scrolls of immolation
 C - 2 scrolls of fog
 G - 2 scrolls of summoning
 N - a scroll of torment
 Q - 2 scrolls of vulnerability
 S - a scroll of brand weapon
 T - 6 scrolls of magic mapping
 W - 5 scrolls of blinking
 X - 2 scrolls of silence
Potions
 i - a potion of mutation
 l - 2 potions of resistance
 m - 2 potions of cancellation
 u - 2 potions of lignification
 v - 7 potions of brilliance
 F - 4 potions of magic
 I - 4 potions of agility
 K - a potion of might
 P - 3 potions of berserk rage
Comestibles
 d - 45 rations


   Skills:
 + Level 13.7 Fighting
 - Level 16.0 Maces & Flails
 - Level 12.0 Armour
 + Level 6.8 Dodging
 - Level 2.1 Stealth
 - Level 25.0 Shields
 + Level 16.2 Invocations


You had 20 spell levels left.
You didn't know any spells.
Your spell library contained the following spells:

 Spells                   Type           Power        Failure   Level  Hunger
 Animate Skeleton         Necr           N/A          69%         1    ##.....
 Apportation              Tloc           #.....       69%         1    ##.....
 Beastly Appendage        Tmut           #.....       69%         1    ##.....
 Confusing Touch          Hex            #.....       69%         1    ##.....
 Freeze                   Ice            #...         69%         1    ##.....
 Magic Dart               Conj           #...         69%         1    ##.....
 Pain                     Necr           #...         69%         1    ##.....
 Sandblast                Erth           #.....       69%         1    ##.....
 Summon Small Mammal      Summ           #...         69%         1    ##.....
 Blink                    Tloc           N/A          83%         2    ###....
 Call Imp                 Summ           #.......     83%         2    ###....
 Ensorcelled Hibernation  Hex/Ice        #.....       83%         2    ###....
 Passwall                 Tmut/Erth      #.......     83%         2    ###....
 Slow                     Hex            #.......     83%         2    ###....
 Sticks to Snakes         Tmut           #.......     83%         2    ###....
 Call Canine Familiar     Summ           #.......     96%         3    ####...
 Conjure Flame            Conj/Fire      #.......     96%         3    ####...
 Mephitic Cloud           Conj/Pois/Air  #.......     96%         3    ####...
 Ozocubu's Armour         Chrm/Ice       #.......     96%         3    ####...
 Regeneration             Chrm/Necr      #.........   96%         3    ####...
 Spider Form              Tmut/Pois      #.........   96%         3    ####...
 Stone Arrow              Conj/Erth      #.....       96%         3    ####...
 Summon Guardian Golem    Hex/Summ       #.......     96%         3    ####...
 Vampiric Draining        Necr           #.........   96%         3    ####...
 Animate Dead             Necr           N/A          100%        4    #####..
 Ice Form                 Ice/Tmut       #.......     100%        4    #####..
 Leda's Liquefaction      Hex/Erth       #.........   100%        4    #####..
 Petrify                  Tmut/Erth      #.......     100%        4    #####..
 Summon Ice Beast         Ice/Summ       #.......     100%        4    #####..
 Summon Lightning Spire   Summ/Air       #.......     100%        4    #####..
 Blade Hands              Tmut           #.........   100%        5    ######.
 Bolt of Magma            Conj/Fire/Erth #.........   100%        5    ######.
 Lee's Rapid Deconstruct  Erth           #.........   100%        5    ######.
 Metabolic Englaciation   Hex/Ice        #.........   100%        5    ######.
 Bolt of Cold             Conj/Ice       #.........   100%        6    #######
 Freezing Cloud           Conj/Ice/Air   #.........   100%        6    #######
 Iron Shot                Conj/Erth      #.........   100%        6    #######
 Ozocubu's Refrigeration  Ice            #.........   100%        6    #######
 Poison Arrow             Conj/Pois      #.........   100%        6    #######
 Simulacrum               Ice/Necr       #.........   100%        6    #######
 Chain Lightning          Conj/Air       #.........   100%        8    #######
 Lehudib's Crystal Spear  Conj/Erth      #.........   100%        8    #######
 Fire Storm               Conj/Fire      #.........   100%        9    #######
 Glaciate                 Conj/Ice       #.........   100%        9    #######
 Shatter                  Erth           #.........   100%        9    #######
 Statue Form              Tmut/Erth      Unusable     N/A         6    N/A

Dungeon Overview and Level Annotations

Branches:
Dungeon (15/15)            Temple (1/1) D:5            Lair (6/6) D:9
 Shoals (4/4) Lair:2        Snake (4/4) Lair:2        Slime (0/5) Lair:6
    Orc (2/2) D:12            Elf (3/3) Orc:2        Vaults (0/5) D:14
 Depths (0/5) D:15          IceCv (visited)

Altars:
Ashenzari
Cheibriados
Dithmenos
Elyvilon
Fedhas
Gozag
Hepliaklqana
Kikubaaqudgha
Makhleb
Nemelex Xobeh
Okawaru
Qazlal
Sif Muna
Trog
Uskayaw
Vehumet
Wu Jian
Xom
Yredelemnul
Zin
The Shining One
Beogh

Shops:
D:10 (*   Orc:2 *(!=[%   Elf:1 (   Elf:3 =

Annotations:
Lair:3 3 runed translucent doors, Feulaj's ghost, journeyman MiBe
Shoals:3 2 transporters
Snake:3 3 runed translucent doors, exclusion: obsidian statue, Soawkar's ghost, adept GrFi


Innate Abilities, Weirdness & Mutations

You are resistant to torment.
Your stone body is resilient. (AC +16)
You are immune to poison.
Your large and strong wings let you fly indefinitely.
You resist negative energy. (rN+)
You are resistant to electric shocks. (rElec)
You can survive without breathing.
You are immune to petrification.
You are immune to rotting.
You tend to lose your temper in combat.
Scrolls take you longer to read.
Armour fits poorly on your strangely shaped body.
You are very frail. (-20% HP)
You occasionally shout uncontrollably at your foes.
You are very weak. (Str -4)
[You are dopey. (Int -2)]
[Your magical capacity is low. (-10% MP)]
[You do not regenerate when monsters are visible.]
[Potions are poor at restoring your health.]


Message History

* * * LOW HITPOINT WARNING * * *
The starcursed mass shudders and is absorbed by its neighbour.
A starcursed mass splits.
You block the large abomination's attack.
The starcursed mass is engulfed in blazing flames.
The starcursed mass shudders and is absorbed by its neighbour.
A starcursed mass splits.
The starcursed mass is engulfed in freezing vapours.
A starcursed mass splits.
The starcursed mass shudders and is absorbed by its neighbour.
You block the large abomination's attack.
The starcursed mass is engulfed in freezing vapours.
A starcursed mass splits.
A chorus of shrieks assaults your mind.
* * * LOW HITPOINT WARNING * * *
The starcursed mass shudders and is absorbed by its neighbour.
A starcursed mass splits.
A starcursed mass splits.
A chorus of shrieks assaults your mind.
You die...

≈♣≈≈≈≈.##### .
≈.≈≈≈.#.......
.≈5≈......##
#.≈≈≈.......##
#####.#..5..##
R.....5
#.....#######
....##...XXX.....
##
#####....X°.5.☼#
#.......☼X@.###
#.......5.°...#
#..........####
######..#### ####


You could see 4 starcursed masses, a large abomination and 3 ufetubi.

Vanquished Creatures
  Saint Roka (Orc:2)
  Nikola (Shoals:3)
  A profane servitor (Abyss:3)
  A deep elf blademaster (Elf:3)
  2 deep elf master archers (Elf:3)
  2 Executioners
  Frances (Snake:1)
  7 tentacled starspawn
  Agnes (Snake:4)
  Ilsuiw (Shoals:3)
  2 orc warlords (Orc:2)
  9 deep elf sorcerers
  7 nagarajas
  A frost giant (IceCv)
  A cacodemon (Abyss:2)
  5 deep elf elementalists (Elf:3)
  Aizul (Snake:3)
  2 deep elf demonologists (Elf:3)
  A black draconian (Abyss:2)
  7 deep elf annihilators (Elf:3)
  An eidolon (Abyss:3)
  7 merfolk javelineers
  A deep elf death mage (Elf:3)
  An ettin (Orc:2)
  10 merfolk impalers
  4 great orbs of eyes (Abyss:3)
  2 vault guards (D:14)
  Harold (D:7)
  8 naga warriors
  An alligator snapping turtle (Shoals:4)
  3 anacondas
  A rakshasa (Abyss:3)
  7 hydras
  4 catoblepae
  3 merfolk avatars
  4 centaur warriors
  An ogre mage (D:14)
  5 satyrs
  24 dancing weapons
  5 two-headed ogres
  A vampire mage (D:15)
  10 death yaks
  7 naga sharpshooters
  5 thrashing horrors
  9 small abominations
  10 shock serpents
  2 orc high priests (Orc:2)
  13 deep elf knights
  6 wretched stars
  A sixfirhy (Abyss:3)
  A salamander mystic (Snake:3)
  2 spatial maelstroms (Abyss:3)
  2 skeletal warriors (D:15)
  A deep troll (shapeshifter) (Elf:2)
  21 sea snakes
  2 unseen horrors
  A glowing orange brain (Abyss:3)
  A flayed ghost (Abyss:3)
  3 wizards
  6 naga ritualists
  A wolf spider zombie (D:15)
  A tengu zombie (D:15)
  6 deep elf archers
  16 harpies
  Pikel (D:4)
  9 ugly things
  2 necromancers
  6 mana vipers
  8 cyclopes
  44 deep elf magi
  14 manticores
  10 salamanders
  6 orc sorcerers
  11 orc knights
  An oklob plant (Lair:1)
  A wolf spider (D:15)
  19 fauns
  8 merfolk sirens
  2 guardian serpents
  An ice statue (IceCv)
  An apocalypse crab (Abyss:2)
  15 elephants
  19 naga magi
  40 black mambas
  2 worldbinders (Abyss:3)
  2 spiny frogs (shapeshifter)
  4 water nymphs
  2 orange demons (Abyss:2)
  A torpor snail (Lair:3)
  2 gargoyles
  17 large abominations
  6 smoke demons
  9 spiny frogs
  2 yaktaurs
  A kobold demonologist (D:15)
  A demonic crawler (Abyss:3)
  2 efreet
  A red devil (Abyss:3)
  6 komodo dragons
  A spriggan skeleton (D:15)
  A komodo dragon (shapeshifter) (Elf:2)
  6 rime drakes
  A yaktaur skeleton (D:15)
  3 meliai (D:13)
  8 trolls
  5 ancient zymes
  A tengu conjurer (D:14)
  A tormentor (Abyss:3)
  Grinder (D:5)
  19 polar bears
  22 merfolk
  4 wind drakes
  A slime creature (Abyss:3)
  21 blink frogs
  An ettin zombie (Abyss:2)
  14 raiju
  A snapping turtle (shapeshifter) (D:15)
  A meliai zombie (D:15)
  6 dream sheep (Shoals:3)
  9 hippogriffs
  6 snapping turtles
  A frost giant simulacrum (Abyss:3)
  Sigmund (D:3)
  2 shadows
  10 flying skulls
  7 starcursed masses
  6 wyverns
  A vampire (D:12)
  5 wraiths
  A dire elephant simulacrum (Abyss:3)
  89 yaks
  9 ynoxinuls
  An air elemental (Elf:1)
  A wyvern (shapeshifter) (D:15)
  6 water elementals
  9 neqoxecs
  A fire elemental (Abyss:2)
  6 vampire mosquitoes
  2 chaos spawn
  A hog (shapeshifter) (D:14)
  2 steam dragons
  3 basilisks
  6 insubstantial wisps (Abyss:3)
  19 wargs
  2 hungry ghosts
  20 nagas
  2 acid dragons
  A naga (shapeshifter) (D:15)
  15 water moccasins
  4 porcupines
  Duvessa (D:7)
  5 ice beasts
  47 orc warriors
  5 sky beasts
  A black bear (D:5)
  A black bear (shapeshifter) (D:15)
  An eye of draining (shapeshifter) (D:14)
  5 phantoms
  A necrophage (D:13)
  A boggart (Elf:1)
  12 ogres
  4 eyes of draining
  22 wolves
  17 centaurs
  A snapping turtle skeleton (Abyss:3)
  7 crocodiles
  Blork the orc (Orc:2)
  2 earth elementals
  17 bullfrogs
  Dowan (D:7)
  2 scorpions
  10 killer bees
  A snapping turtle simulacrum (Abyss:3)
  6 wights
  A tengu skeleton (D:15)
  10 electric eels
  7 howler monkeys
  6 crimson imps
  2 bullfrog zombies
  3 centaur zombies
  5 jellies
  A quasit (Abyss:3)
  3 bullfrog skeletons
  A gnoll shaman (Orc:2)
  12 hounds
  22 orc priests
  4 centaur skeletons
  2 iron imps (Abyss:3)
  Jessica (D:2)
  7 iguanas
  9 worker ants
  Natasha (thrice) (D:3)
  4 hell rats (Lair:5)
  23 orc wizards
  A polar bear simulacrum (Lair:4)
  A killer bee zombie (D:9)
  4 yak simulacra (Lair:4)
  2 wolf simulacra (Lair:4)
  A hound zombie (D:5)
  2 human simulacra (D:14)
  3 hound skeletons
  2 worker ant zombies
  17 gnolls
  A howler monkey skeleton (D:8)
  27 adders
  5 shadow imps
  13 white imps
  3 oozes
  An adder skeleton (D:6)
  An adder zombie (D:6)
  4 worms
  A dart slug (D:2)
  A leopard gecko (D:1)
  103 orcs
  5 giant cockroaches
  6 goblins
  7 hobgoblins
  6 jackals
  4 quokkas
  2 ball pythons
  9 bats
  3 frilled lizards
  A giant cockroach zombie (D:5)
  2 kobolds
  A leopard gecko skeleton (D:8)
  A leopard gecko zombie (D:9)
  2 quokka skeletons
  2 rats
  4 river rat simulacra (Lair:4)
  A crawling corpse (Elf:3)
  A lurking horror (Abyss:3)
  3 plants
  A starspawn tentacle (Abyss:2)
1468 creatures vanquished.

Vanquished Creatures (collateral kills)
  Rupert (Lair:3)
  A manticore (D:12)
  An elephant (Lair:5)
  A wyvern (Lair:5)
  2 yaks (Lair:5)
  A bullfrog (D:11)
  An adder (D:11)
  An orc (D:12)
9 creatures vanquished.

Vanquished Creatures (others)
  A naga warrior (Snake:3)
  2 satyrs (Shoals:4)
  A deep elf knight (Elf:2)
  3 naga sharpshooters (Snake:4)
  3 deep elf archers
  A mana viper (Snake:4)
  A deep elf mage (Elf:2)
  3 naga magi
  A chaos spawn (Abyss:3)
  A naga (Snake:4)
  5 wolves (IceCv)
  A white imp (Abyss:3)
  16 fungi
  A lurking horror (Abyss:3)
  51 plants
  24 starspawn tentacles
  6 withered plants (D:15)
121 creatures vanquished.

Grand Total: 1598 creatures vanquished

Notes
Turn   | Place    | Note
-------+----------+-------------------------------------------
     0 | D:1      | Aelig the Gargoyle Monk began the quest for the Orb.
     0 | D:1      | Reached XP level 1. HP: 14/14 MP: 1/1
   151 | D:1      | Reached XP level 2. HP: 19/19 MP: 2/2
   535 | D:2      | Noticed Jessica
   537 | D:2      | Killed Jessica
   537 | D:2      | Reached XP level 3. HP: 23/23 MP: 3/3
   658 | D:2      | Reached XP level 4. HP: 22/28 MP: 4/4
   740 | D:2      | Reached skill level 5 in Maces & Flails
   900 | D:2      | Reached XP level 5. HP: 32/32 MP: 5/5
  1897 | D:3      | Found a faded altar of an unknown god.
  2071 | D:3      | Noticed Natasha
  2076 | D:3      | Killed Natasha
  2093 | D:3      | Reached XP level 6. HP: 38/38 MP: 6/6
  2127 | D:3      | Noticed Natasha
  2137 | D:3      | Killed Natasha
  2395 | D:4      | Noticed Sigmund
  2455 | D:3      | Noticed Natasha
  2463 | D:3      | Killed Natasha
  2663 | D:3      | Reached skill level 5 in Fighting
  2890 | D:4      | Reached XP level 7. HP: 40/44 MP: 7/7
  3057 | D:3      | Killed Sigmund
  3095 | D:4      | Noticed Pikel
  3132 | D:4      | Killed Pikel
  3132 | D:4      | Reached XP level 8. HP: 51/53 MP: 8/8
  3376 | D:5      | Entered Level 5 of the Dungeon
  3448 | D:5      | Found a staircase to the Ecumenical Temple.
  3464 | Temple   | Entered the Ecumenical Temple
  3802 | D:5      | Noticed Grinder
  3807 | D:5      | Paralysed by Grinder for 6 turns
  3819 | D:5      | Killed Grinder
  4094 | Temple   | Became a worshipper of Qazlal Stormbringer
  4094 | Temple   | Reached * piety under Qazlal
  4094 | Temple   | Reached ** piety under Qazlal
  4392 | D:5      | Reached XP level 9. HP: 55/57 MP: 9/9
  4663 | D:5      | Reached skill level 10 in Maces & Flails
  4937 | D:6      | Found a basalt altar of Yredelemnul.
  5736 | D:7      | Noticed Harold
  5938 | D:7      | Reached *** piety under Qazlal
  6051 | D:7      | Found a bloodstained altar of Trog.
  6095 | D:7      | Reached skill level 1 in Invocations
  6338 | D:7      | Killed Harold
  6338 | D:7      | Reached XP level 10. HP: 58/63 MP: 11/13
  6340 | D:7      | Noticed Dowan
  6341 | D:7      | Noticed Duvessa
  6351 | D:7      | Killed Duvessa
  6353 | D:7      | Killed Dowan
  6353 | D:7      | Reached skill level 5 in Invocations
  6867 | D:8      | Reached **** piety under Qazlal
  7146 | D:8      | Noticed an orc knight
  7215 | D:8      | Killed an orc knight
  7420 | D:8      | Noticed an orc sorcerer
  7431 | D:8      | Noticed an orange demon
  7432 | D:8      | Killed an orc sorcerer
  7454 | D:8      | Reached XP level 11. HP: 48/67 MP: 16/16
  7843 | D:8      | Reached ***** piety under Qazlal
  8219 | D:8      | Found a shimmering altar of Xom.
  9115 | D:9      | Reached skill level 10 in Invocations
  9505 | D:9      | Reached skill level 1 in Shields
  9510 | D:9      | Found a staircase to the Lair.
  9689 | D:10     | Entered Level 10 of the Dungeon
  9841 | D:10     | Found Saomuime's Antique Weapon Emporium.
  9965 | D:10     | Reached skill level 2 in Shields
 10268 | D:10     | Reached skill level 3 in Shields
 10380 | D:10     | Found a white marble altar of Elyvilon.
 10603 | D:10     | Found Imeedieth's Lightly-Used Armoury.
 10708 | D:11     | Noticed a centaur warrior
 10712 | D:11     | Noticed a cyclops
 10716 | D:11     | Noticed a green ugly thing
 10729 | D:11     | Killed a centaur warrior
 10729 | D:11     | Reached skill level 4 in Shields
 10916 | D:11     | Killed a cyclops
 10916 | D:11     | Reached XP level 12. HP: 72/72 MP: 20/20
 11134 | D:11     | Found a glowing silver altar of Zin.
 11152 | D:11     | Reached skill level 5 in Shields
 11279 | D:11     | Noticed a four-headed hydra
 11365 | D:11     | Killed a four-headed hydra
 11365 | D:11     | Reached skill level 6 in Shields
 11969 | D:12     | Noticed a two-headed ogre
 11971 | D:12     | Noticed a two-headed ogre
 11984 | D:12     | Killed a two-headed ogre
 11992 | D:12     | Reached skill level 7 in Shields
 12118 | D:12     | Reached skill level 8 in Shields
 12119 | D:12     | Found a staircase to the Orcish Mines.
 12154 | D:12     | Noticed a six-headed hydra
 12293 | Lair:1   | Entered Level 1 of the Lair of Beasts
 12316 | Lair:1   | Reached skill level 9 in Shields
 12781 | Lair:1   | Reached skill level 10 in Shields
 13214 | Lair:1   | Reached XP level 13. HP: 65/76 MP: 22/22
 13322 | Lair:1   | Found an opulent altar of Gozag.
 13515 | Lair:1   | Reached skill level 11 in Shields
 13793 | Lair:2   | You fall into a shaft and drop 2 floors!
 13985 | Lair:4   | Reached skill level 12 in Shields
 14288 | Lair:4   | Got a shimmering war axe
 14290 | Lair:4   | Identified the +5 war axe "Peinith" {chop, rPois MR+} (You
                  | found it on level 4 of the Lair of Beasts)
 14660 | Lair:5   | Reached skill level 13 in Shields
 15031 | Lair:5   | Reached skill level 14 in Shields
 15870 | Lair:6   | Entered Level 6 of the Lair of Beasts
 15972 | Lair:6   | Reached skill level 15 in Shields
 16005 | Lair:6   | Reached skill level 1 in Armour
 16034 | Lair:6   | Gained mutation: Your large and strong wings let you fly
                  | indefinitely. [Gargoyle growth]
 16034 | Lair:6   | Reached XP level 14. HP: 43/82 MP: 18/23
 17042 | Lair:6   | Found a staircase to the Slime Pits.
 17329 | Lair:6   | Reached skill level 5 in Armour
 17920 | Lair:3   | Found a runed translucent gate.
 17920 | Lair:3   | Found a runed translucent gate.
 17920 | Lair:3   | Noticed Feulaj's ghost (journeyman MiBe)
 17921 | Lair:3   | Found a runed translucent gate.
 18275 | Lair:3   | Noticed Rupert
 18289 | Lair:3   | Killed Rupert
 18860 | Lair:2   | Reached skill level 10 in Fighting
 19074 | Lair:2   | Reached XP level 15. HP: 92/92 MP: 25/25
 19076 | Lair:2   | Found a staircase to the Snake Pit.
 19464 | Lair:2   | Found a staircase to the Shoals.
 20885 | D:12     | Identified 3 scrolls of acquirement
 20886 | D:12     | Got an iridescent morningstar
 20888 | D:12     | Identified the +1 morningstar "Ogreslayer" {crush, SInv}
                  | (You acquired it on level 12 of the Dungeon)
 20891 | D:12     | Got a faintly humming large shield
 20903 | D:12     | Identified the +5 large shield of Qoty {rF+ Str-4 Int+6}
                  | (You acquired it on level 12 of the Dungeon)
 20914 | D:12     | Got a twisted scale mail
 20925 | D:12     | Identified the +1 scale mail "Faehelao" {MR+} (You acquired
                  | it on level 12 of the Dungeon)
 21282 | Orc:1    | Entered Level 1 of the Orcish Mines
 21335 | Orc:1    | Found a frozen archway.
 21360 | IceCv    | Entered an ice cave
 22102 | IceCv    | Noticed a frost giant
 22115 | IceCv    | Killed a frost giant
 22350 | IceCv    | Identified the Tome of the Glacier
 23056 | Orc:2    | Entered Level 2 of the Orcish Mines
 23758 | Orc:2    | Found Buvvarab's Distillery.
 23760 | Orc:2    | Noticed Blork the orc
 23766 | Orc:2    | Noticed Saint Roka
 23784 | Orc:2    | Killed Blork the orc
 23809 | Orc:2    | HP: 4/94 [Saint Roka/divine providence (12)]
 23814 | Orc:2    | Killed Saint Roka
 24162 | Orc:2    | Bought a potion of heal wounds for 60 gold pieces
 24378 | Orc:2    | Found a roughly hewn altar of Beogh.
 24417 | Orc:2    | Found Wogoynilic's Antique Armour Boutique.
 24426 | Orc:2    | Found Foyqo's Jewellery Boutique.
 24445 | Orc:2    | Found Deanweitt's General Store.
 24468 | Orc:2    | Found Iptythek's Antique Weapon Boutique.
 24476 | Orc:2    | Bought a pitted flail for 238 gold pieces
 24477 | Orc:2    | Identified the +3 flail of Prudence {crush, rElec Dex+4}
                  | (You bought it in a shop on level 2 of the Orcish Mines)
 24488 | Orc:2    | Reached skill level 15 in Maces & Flails
 24526 | Orc:2    | Noticed an orc warlord
 24879 | Orc:2    | Noticed an orc warlord
 24894 | Orc:2    | Killed an orc warlord
 24894 | Orc:2    | Reached XP level 16. HP: 50/100 MP: 16/26
 25415 | Orc:2    | Got a fine large shield
 25476 | Orc:2    | Got a smoking silver ring
 25584 | Orc:2    | Found Uzisaw's Food Shoppe.
 25673 | Orc:2    | Found a staircase to the Elven Halls.
 25718 | Orc:2    | Identified the ring "Hyntuz" {SInv Stlth+} (You found it on
                  | level 2 of the Orcish Mines)
 25732 | Orc:2    | Identified the cursed +0 large shield of Tartarus {rC++}
                  | (You found it on level 2 of the Orcish Mines)
 26939 | D:14     | You are sucked into a shaft and drop 1 floor!
 26939 | D:15     | Entered Level 15 of the Dungeon
 26992 | D:15     | Found a staircase to the Depths.
 27348 | D:14     | Reached skill level 10 in Armour
 27366 | D:14     | Found a gate to the Vaults.
 29300 | Shoals:1 | Entered Level 1 of the Shoals
 29484 | Shoals:1 | Reached skill level 16 in Shields
 30228 | Shoals:2 | Reached XP level 17. HP: 59/104 MP: 26/28
 30752 | Shoals:2 | You are sucked into a shaft and drop 1 floor!
 30752 | Shoals:3 | Noticed Nikola
 30767 | Shoals:3 | Killed Nikola
 30808 | Shoals:3 | Reached skill level 17 in Shields
 31104 | Shoals:3 | Noticed Ilsuiw
 31107 | Shoals:3 | Found a transporter.
 31189 | Shoals:3 | Killed Ilsuiw
 31411 | Shoals:3 | Reached skill level 18 in Shields
 32119 | Shoals:3 | Found a transporter.
 32322 | Shoals:4 | Entered Level 4 of the Shoals
 32969 | Shoals:4 | Reached skill level 19 in Shields
 34324 | Snake:1  | Entered Level 1 of the Snake Pit
 34514 | Snake:1  | Reached XP level 18. HP: 105/110 MP: 29/29
 34795 | Snake:1  | Noticed Frances
 34817 | Snake:1  | Killed Frances
 35429 | Snake:2  | Reached skill level 20 in Shields
 36801 | Snake:3  | Found a runed translucent gate.
 36801 | Snake:3  | Found a runed translucent gate.
 36801 | Snake:3  | Found a runed translucent gate.
 36802 | Snake:3  | Found an opulent altar of Gozag.
 36802 | Snake:3  | Noticed Soawkar's ghost (adept GrFi)
 36989 | Snake:3  | Reached skill level 21 in Shields
 37316 | Snake:4  | Entered Level 4 of the Snake Pit
 37327 | Snake:4  | Noticed Aizul
 37338 | Snake:4  | Noticed Agnes
 37369 | Snake:3  | Killed Aizul
 37512 | Snake:4  | Killed Agnes
 37906 | Snake:4  | Reached XP level 19. HP: 52/115 MP: 30/30
 38152 | Snake:3  | Reached skill level 22 in Shields
 38824 | Snake:4  | Got a serpentine rune of Zot
 39528 | Shoals:4 | Reached skill level 23 in Shields
 39917 | Shoals:4 | Got a barnacled rune of Zot
 40502 | Elf:1    | Entered Level 1 of the Elven Halls
 40865 | Elf:1    | Found Ashuhay's Antique Weapon Boutique.
 41880 | Elf:2    | Found a runed translucent gate.
 41880 | Elf:2    | Found a runed translucent gate.
 41881 | Elf:2    | Found a runed translucent gate.
 42378 | Elf:1    | Reached skill level 24 in Shields
 42744 | Elf:2    | Reached XP level 20. HP: 91/120 MP: 31/31
 43635 | Elf:3    | Entered Level 3 of the Elven Halls
 44297 | Elf:3    | Found Ujofih's Jewellery Emporium.
 44320 | Elf:3    | Reached skill level 25 in Shields
 44826 | Elf:3    | Cast into level 2 of the Abyss (a deep elf sorcerer)
 44961 | Elf:3    | Escaped the Abyss
 45100 | Elf:3    | Reached skill level 15 in Invocations
 45342 | Elf:3    | Identified the ring "Tepivish" {EV+4 Dex+3}
 45370 | Elf:3    | Cast into level 2 of the Abyss (a deep elf sorcerer)
 45380 | Abyss:2  | Found a corrupted altar of Lugonu.
 45381 | Abyss:2  | Gained mutation: You are frail. (-10% HP) [a neqoxec]
 45402 | Abyss:2  | Found a corrupted altar of Lugonu.
 45471 | Abyss:2  | Reached ****** piety under Qazlal
 45556 | Abyss:2  | Gained mutation: You are very frail. (-20% HP) [a neqoxec]
 45559 | Abyss:2  | Gained mutation: [Your magical capacity is low. (-10% MP)]
                  | [a neqoxec]
 45649 | Abyss:2  | Gained mutation: You are weak. (Str -2) [a neqoxec]
 45651 | Abyss:2  | Gained mutation: [Your magical capacity is very low. (-20%
                  | MP)] [a neqoxec]
 45729 | Abyss:2  | Gained mutation: You occasionally shout uncontrollably at
                  | your foes. [a cacodemon]
 45841 | Abyss:2  | Reached skill level 5 in Dodging
 45845 | Abyss:2  | Noticed a hellephant
 45957 | Abyss:3  | Found a corrupted altar of Lugonu.
 46022 | Abyss:3  | Reached XP level 21. HP: 67/102 MP: 26/26
 46387 | Abyss:3  | Gained mutation: You are very weak. (Str -4) [a neqoxec]
 46387 | Abyss:3  | Noticed a profane servitor
 46436 | Abyss:3  | Killed a profane servitor
 47061 | Abyss:3  | Paralysed by accursed screaming for 1 turns
 47254 | Abyss:3  | Gained mutation: Scrolls take you a little longer to read.
                  | [a neqoxec]
 47315 | Abyss:3  | HP: 5/104 [starcursed mass/accursed screaming (8)]
 47421 | Abyss:3  | Gained mutation: You tend to lose your temper in combat. [a
                  | neqoxec]
 47422 | Abyss:3  | Gained mutation: Scrolls take you longer to read. [a
                  | neqoxec]
 47430 | Abyss:3  | Gained mutation: [You are dopey. (Int -2)] [a neqoxec]
 47434 | Abyss:3  | Gained mutation: Armour fits poorly on your strangely
                  | shaped body. [a neqoxec]
 47441 | Abyss:3  | Lost mutation: [You are dopey. (Int -2)] [a neqoxec]
 47441 | Abyss:3  | Lost mutation: [Your magical capacity is extremely low.
                  | (-30% MP)] [a neqoxec]
 47442 | Abyss:3  | Lost mutation: [Your magical capacity is very low. (-20%
                  | MP)] [a neqoxec]
 47676 | Abyss:3  | Killed from afar by a starcursed mass

Levels and vault maps discovered:
D:1:      dpeg_arrival_rooms_b, layout_rooms, roderic_filled_cross
D:2:      layout_basic, serial_forest, infiniplex_forest_clump_curved,
          infiniplex_forest_straight_5, infiniplex_forest_clump_tiny,
          infiniplex_forest_zigzag_1, infiniplex_forest_lined_2,
          infiniplex_forest_zigzag_1, infiniplex_forest_lined_2, uniq_jessica
D:3:      layout_basic, first_ration, chequers_ecumenical_altar_simple,
          uniq_natasha
D:4:      layout_basic, uniq_pikel, uniq_sigmund
D:5:      black_bear_nest_1, layout_basic, minmay_temple_entry_junction,
          nicolae_sextant, uniq_grinder
D:6:      layout_loops_ring, basic_altar, minmay_misc_feat_four_crosses
D:7:      layout_rooms, lemuel_crystal_altar, uniq_harold, uniq_duvessa
D:8:      lemuel_castle_with_subvaults [lemuel_castle_interior_carwin_2],
          layout_gridville, basic_altar
D:9:      layout_cave_pods, lair_entry_dummy, hangedman_fish_farm
D:10:     layout_loops_corners, basic_altar, serial_shops, shop,
          minmay_shop_damaged
D:11:     layout_loops_cross, gauntlet_entry_generic, lemuel_tele_altar
D:12:     layout_loops_corners, david_orc_3, serial_rivers,
          chequers_serial_rivers_room_a, chequers_serial_rivers_room_a,
          chequers_serial_rivers_micro_e, chequers_serial_rivers_room_b,
          chequers_serial_rivers_micro_c
D:13:     layout_big_octagon, enter_bailey_2
D:14:     layout_roguey, grunt_vaults_entry_fortified, bh_circular_ruins
D:15:     gammafunk_depths_entry_grave, layout_cave_pools,
          chequers_decorated_corner
Temple:   regret_index_temple_sigil_plot
Lair:1:   layout_cave_pods, basic_altar, st_stairs_13, serial_bayou_shore_a,
          infiniplex_staircase_pool, minmay_lair_oklob_chamber
Lair:2:   layout_cave_pods, minmay_shoals_entry_lonely_mermaid,
          minmay_snake_entry_six_corridors, serial_bayou_shore_b,
          serial_bayou_shore_b
Lair:3:   layout_small_grid, gammafunk_ghost_necromancy, grunt_megastairs_2,
          uniq_rupert
Lair:4:   layout_cave_shapes, eino_house_with_fridge, grunt_megastairs_5,
          lemuel_fruit_tree
Lair:5:   layout_concentric_octagons
Lair:6:   evilmike_catoblepas_cave, layout_loops_ring, slime_dummy,
          serial_bayou_shore_b
Shoals:1: layout_shoals
Shoals:2: layout_shoals
Shoals:3: gammafunk_the_bubble [the_bubble_gammafunk_crates], layout_shoals,
          uniq_nikola, uniq_ilsuiw
Shoals:4: shoals_end_grunt_garden, layout_shoals, yaktaur_hedge
Snake:1:  layout_layer_cave, serial_bayou, serial_bayou_lake_a,
          serial_bayou_pond_e, serial_bayou_pond_d, serial_bayou_lagoon_a,
          drop_trap, uniq_frances
Snake:2:  layout_misc_corridors, grunt_ministairs_9, nicolae_snake_springs
Snake:3:  layout_grid_maze, ebering_ghost_gozag
Snake:4:  snake_pit, layout_rooms, uniq_aizul, uniq_agnes
Orc:1:    layout_caves, portal_ice_cave_entry_imps, nicolae_orc_stony_grotto
Orc:2:    grunt_orc_cross, layout_caves, serial_shops, shop, shop_fountains,
          minmay_orc_treasury
Elf:1:    layout_geoelf_octagon, serial_shops, nicolae_shop_stone,
          hangedman_elf_disciples, hangedman_elf_power_crystal
Elf:2:    layout_geoelf_diagonals, st_stairs_10
Elf:3:    minmay_elf_hall_x, layout_onion_city, serial_shops, shop_coins,
          drop_trap, serial_sigils_hangedman_quiver, hangedman_elf_represent
Abyss:3:  base: Snake:1, lemuel_flamethrower_3, grunt_abyss_rune_wretched_hive,
          evilmike_abyss_exit_7, guppyfry_abyss_exit_imp_island,
          hangedman_abyss_river_spirits, nicolae_abyss_rune_left_handed,
          evilmike_nicolae_abyss_rune_betentacled_crabyss,
          gammafunk_abyss_rune_reverse_zot, patterned_corridor,
          evilmike_abyss_exit_16, grunt_abyss_rune_forest_and_sorcery,
          evilmike_abyss_exit_mutagenic,
          evilmike_nicolae_abyss_rune_containment_curve, minivault_28,
          due_evilmike_abyss_rune_seething_liches,
          due_evilmike_abyss_rune_seething_liches, gammafunk_corrupted_shrine,
          evilmike_abyss_rune_ettins, evilmike_abyss_exit_3,
          hangedman_abyss_or_decor_slice, minivault_25,
          gammafunk_abyss_rune_reverse_zot, gammafunk_abyss_rune_reverse_zot,
          evilmike_abyss_exit_4, minivault_13

Skill      XL: |  1  2  3  4  5  6  7  8  9 10 11 12 13 14 15 16 17 18 19 20 21 |
---------------+----------------------------------------------------------------+-----
Maces & Flails | 4 5 6 8 9 12 13 14 15 16 | 16.0
Fighting       | 4 5 7 10 11 12 13 | 13.7
Invocations    | 4 7 11 12 13 14 15 16 | 16.2
Shields        | 4 10 15 16 19 21 24 25 | 25.0
Armour         | 1 7 9 11 12 | 12.0
Dodging        | 5 6 |  6.8
Stealth        | |  2.1

Action                   |  1- 3 |  4- 6 |  7- 9 | 10-12 | 13-15 | 16-18 | 19-21 || total
-------------------------+-------+-------+-------+-------+-------+-------+-------++-------
Melee: Mace              |    62 |   127 |   312 |   561 |       |   205 |       ||  1267
       Flail             |       |       |       |   458 |  1268 |       |       ||  1726
       Morningstar       |       |       |       |       |   629 |  1853 |  2165 ||  4647
Invok: Elemental Force   |       |       |       |     3 |     2 |     1 |       ||     6
       Disaster Area     |       |       |       |     1 |     3 |     1 |     4 ||     9
       Upheaval          |       |       |       |     3 |    17 |    19 |     9 ||    48
 Abil: Fly               |       |       |       |       |     1 |       |       ||     1
  Use: Scroll            |       |     5 |     5 |     7 |    14 |     8 |    16 ||    55
       Potion            |       |       |     2 |     1 |     5 |     6 |    15 ||    29
 Stab: Petrified         |       |       |       |       |    18 |       |       ||    18
       Distracted        |       |       |       |       |     1 |       |     1 ||     2
       Invisible         |       |       |       |       |       |       |     1 ||     1
  Eat: Chunk             |       |     5 |    12 |    33 |    34 |    12 |     1 ||    97
       Ration            |       |       |       |     1 |       |    10 |    11 ||    22
Armor: Ring mail         |    17 |       |       |       |       |       |       ||    17
       Chain mail        |    24 |    75 |   207 |   253 |       |       |       ||   559
       Plate armour      |       |       |       |   113 |   662 |       |       ||   775
       Scale mail        |       |       |       |       |    36 |   645 |   367 ||  1048
Dodge: Dodged            |    45 |    51 |    86 |   158 |   284 |   460 |   273 ||  1357
       Deflected         |       |       |       |    11 |     4 |    69 |    47 ||   131
Block: Other             |       |       |    25 |    95 |       |       |       ||   120
       Shield            |       |       |       |   332 |  1824 |    41 |       ||  2197
       Large shield      |       |       |       |       |       |  2744 |  2655 ||  5399
       Reflection        |       |       |       |       |       |    95 |   174 ||   269
